 Dungeon Crawl Stone Soup version 0.22-b1-21-g5cfc1688f2 (webtiles) character file.

15251 Jorund the Cleaver (level 11, -2/86 HPs)
             Began as a Demonspawn Fighter on Aug 8, 2018.
             Was an Elder of Makhleb.
             Slain by a polar bear (3 damage)
             ... in an ice cave.
             The game lasted 00:27:25 (10345 turns).

Jorund the Cleaver (Demonspawn Fighter)            Turns: 10345, Time: 00:27:25

Health: -2/86      AC: 25    Str: 19    XL:     11   Next: 99%
Magic:  0/13       EV:  6    Int:  9    God:    Makhleb [****..]
Gold:   538        SH:  0    Dex: 18    Spells: 10/10 levels left

rFire    . . .     SeeInvis .   F - +1 war axe of Ytenegg {venom, Dex+4} (curse)
rCold    + . .     Gourm    .   (no shield)
rNeg     + . .     Faith    .   M - +3 plate armour
rPois    +         Spirit   +   (no helmet)
rElec    .         Reflect  .   K - +0 cloak
rCorr    .         Harm     .   e - +2 pair of gloves
MR       .....                  E - +0 pair of boots
Stlth    ..........             s - amulet of guardian spirit
HPRegen  0.24/turn              l - ring of poison resistance
MPRegen  0.13/turn              L - ring of positive energy

@: no status effects
A: claws 2, slimy green scales 2, cold resistance 1, demonic guardian 1,
freezing cloud immunity
a: Minor Destruction, Lesser Servant of Makhleb, Major Destruction, Renounce
Religion


You were in an ice cave.
You worshipped Makhleb.
Makhleb was greatly pleased with you.
You were not hungry.

You visited 3 branches of the dungeon, and saw 13 of its levels.
You also visited: Ice Cave.

You collected 717 gold pieces.
You spent 179 gold pieces at shops.

Inventory:

Hand Weapons
 a - a +1 war axe
 t - a +0 blowgun
 F - the cursed +1 war axe of Ytenegg (weapon) {venom, Dex+4}
   (You found it on level 8 of the Dungeon)

   It poisons the flesh of those it strikes.
   It affects your dexterity (+4).
   It has a curse placed upon it.
Missiles
 u - 40 poisoned needles
Armour
 c - a +0 shield
 e - a +2 pair of gloves (worn)
 C - a cursed +0 robe
 E - a +0 pair of boots (worn)
 I - a +1 robe of fire resistance
 K - a +0 cloak (worn)
 M - a +3 plate armour (worn)
Jewellery
 l - a ring of poison resistance (left hand)
 n - an uncursed ring of resist corrosion
 o - an uncursed ring of flight
 r - an uncursed amulet of the gourmand
 s - an amulet of guardian spirit (around neck)
 v - a +3 ring of dexterity
 L - a ring of positive energy (right hand)
Wands
 b - a wand of flame (30)
 q - a wand of paralysis (21)
 w - a wand of digging (17)
 y - a wand of polymorph (25)
 N - a wand of enslavement (17)
 O - a wand of disintegration (7)
Scrolls
 g - 3 scrolls of amnesia
 i - a scroll of enchant weapon
 j - 5 scrolls of remove curse
 k - 4 scrolls of teleportation
 G - a scroll of enchant armour
Potions
 d - 3 potions of might
 h - 2 potions of haste
 m - a potion of curing
 p - 2 potions of ambrosia
 x - a potion of cancellation
 z - a potion of lignification
 B - 2 potions of brilliance
Comestibles
 f - 20 rations
 D - 13 chunks of flesh


   Skills:
 + Level 8.2 Fighting
 * Level 14.1 Axes
 + Level 7.7 Armour
 - Level 2.6 Shields
 - Level 3.0 Invocations
 - Level 2.4 Evocations


You had 10 spell levels left.
You didn't know any spells.
Your spell library contained the following spells:

 Spells                   Type           Power        Failure   Level  Hunger
 Fireball                 Conj/Fire      #.........   100%        5    ######.
 Apportation              Tloc           #.....       100%        1    ##.....
 Conjure Flame            Conj/Fire      #.......     100%        3    ####...
 Throw Flame              Conj/Fire      #.....       100%        2    ###....
 Mephitic Cloud           Conj/Pois/Air  #.......     100%        3    ####...
 Venom Bolt               Conj/Pois      #.........   100%        5    ######.
 Olgreb's Toxic Radiance  Pois           #.......     100%        4    #####..
 Summon Small Mammal      Summ           #...         100%        1    ##.....
 Animate Skeleton         Necr           N/A          100%        1    ##.....
 Sticky Flame             Conj/Fire      #.......     100%        4    #####..
 Sting                    Conj/Pois      #...         100%        1    ##.....
 Stone Arrow              Conj/Erth      #.....       100%        3    ####...
 Confusing Touch          Hex            #.....       100%        1    ##.....
 Flame Tongue             Conj/Fire      #....        100%        1    ##.....
 Passwall                 Tmut/Erth      #.......     100%        2    ###....
 Lee's Rapid Deconstruct  Erth           #.........   100%        5    ######.
 Sandblast                Erth           #.....       100%        1    ##.....
 Petrify                  Tmut/Erth      #.......     100%        4    #####..
 Inner Flame              Hex/Fire       #.......     100%        3    ####...
 Poisonous Vapours        Pois/Air       #.....       100%        2    ###....


Dungeon Overview and Level Annotations

Branches:
Dungeon (11/15)            Temple (1/1) D:5            Lair (1/6) D:9
    Orc (0/2) D:9

Altars:
Ashenzari
Cheibriados
Dithmenos
Elyvilon
Gozag
Hepliaklqana
Kikubaaqudgha
Makhleb
Nemelex Xobeh
Qazlal
Ru
Sif Muna
Uskayaw
Vehumet
Wu Jian
Yredelemnul
Zin
The Shining One

Shops:
D:5 ?(

Annotations:
D:8 5 runed doors


Innate Abilities, Weirdness & Mutations

You have very sharp fingernails.
You are mostly covered in slimy green scales. (AC +3)
Your flesh is cold resistant. (rC+)
A weak demonic guardian rushes to your aid.
You are immune to freezing clouds.


Message History

The polar bear barely misses you. The polar bear bites you.
* * * LOW HITPOINT WARNING * * *
The polar bear claws you but does no damage. x2
As you read the scroll of fear, it crumbles to dust.
You assume a fearsome visage.
Your white imp is unaffected.
The polar bear looks frightened!
The polar bear resists with some effort.
The polar bear bites you.
* * * LOW HITPOINT WARNING * * *
The polar bear claws you.
* * * LOW HITPOINT WARNING * * *
The polar bear barely misses you.
Your white imp barely misses the polar bear.
Unknown command.
You feel better. The polar bear bites you!
* * * LOW HITPOINT WARNING * * *
The polar bear claws you but does no damage.
The polar bear claws you.
You die...

. .# #### ..# ##..##
#### ...#
##....#####..## ....#
#.....††##...@##....#
#.∩.∩....†..#h.5....#
#..........###†h....#
##....##..##
###...#.. ##..######
#..... #### .....
.... ... ...


You could see 2 polar bears and a friendly white imp.

Vanquished Creatures
  A centaur warrior (D:8)
  Erica (D:9)
  3 two-headed ogres
  An unseen horror (D:10)
  An ugly thing (D:11)
  A gargoyle (D:11)
  A spiny frog (Lair:1)
  A meliai (D:8)
  4 polar bears (IceCv)
  A hornet (D:10)
  A hippogriff (D:8)
  A shadow (D:11)
  A wraith (D:7)
  2 wyverns
  10 yaks
  A steam dragon (D:10)
  A soldier ant (D:11)
  A water moccasin (Lair:1)
  2 ice beasts
  2 porcupines (D:9)
  A hornet zombie (D:6)
  5 orc warriors
  3 phantoms
  5 sky beasts
  4 ogres
  4 wolves (IceCv)
  4 crocodiles
  4 centaurs
  8 bullfrogs
  5 scorpions
  10 killer bees
  2 howler monkeys
  4 crimson imps
  A bullfrog zombie (D:6)
  5 hounds
  2 bullfrog skeletons
  5 centaur zombies
  2 jellies (D:8)
  5 orc priests
  3 centaur skeletons
  A gnoll shaman (D:6)
  3 iguanas
  5 worker ants
  8 orc wizards
  2 killer bee zombies (D:6)
  A hound zombie (D:6)
  2 hound skeletons (D:6)
  3 worker ant zombies
  10 gnolls
  7 adders
  2 shadow imps
  An ooze (D:2)
  2 adder zombies (D:6)
  4 adder skeletons
  4 worms
  2 dart slugs (D:2)
  6 leopard geckos
  41 orcs
  3 bats
  5 giant cockroaches
  14 goblins
  8 hobgoblins
  13 jackals
  3 quokkas
  9 frilled lizards
  A jackal zombie (D:6)
  6 kobolds
  A leopard gecko skeleton (D:6)
  2 leopard gecko zombies
  2 quokka skeletons
  2 quokka zombies
  3 rats
  A fungus (D:9)
  3 plants (D:9)
299 creatures vanquished.

Vanquished Creatures (collateral kills)
  A spiny frog (Lair:1)
  A yaktaur (D:11)
  A polar bear (IceCv)
  A yak (Lair:1)
  A hungry ghost (D:8)
  A black bear (D:7)
  An ogre (D:7)
  A centaur (D:5)
  3 bullfrogs
  3 bullfrog zombies (D:6)
  A hound (D:11)
  An orc (D:9)
  A jackal zombie (D:6)
  A leopard gecko zombie (D:6)
18 creatures vanquished.

Vanquished Creatures (others)
  3 fungi (D:9)
3 creatures vanquished.

Grand Total: 320 creatures vanquished

Notes
Turn   | Place    | Note
-------+----------+-------------------------------------------
     0 | D:1      | Jorund the Demonspawn Fighter began the quest for the Orb.
     0 | D:1      | Reached XP level 1. HP: 18/18 MP: 1/1
   162 | D:1      | Reached skill level 2 in Axes
   174 | D:1      | Gained mutation: You are partially covered in slimy green scales. (AC +2) [demonic ancestry]
   174 | D:1      | Reached XP level 2. HP: 22/24 MP: 2/2
   798 | D:2      | Gained mutation: You have sharp fingernails. [demonic ancestry]
   798 | D:2      | Reached XP level 3. HP: 27/29 MP: 3/3
   942 | D:2      | Reached skill level 3 in Axes
   949 | D:2      | Reached XP level 4. HP: 4/35 MP: 4/4
  1946 | D:3      | Gained mutation: You have very sharp fingernails. [demonic ancestry]
  1946 | D:3      | Reached XP level 5. HP: 24/41 MP: 5/5
  2421 | D:3      | Reached skill level 4 in Axes
  2599 | D:4      | Gained mutation: You are mostly covered in slimy green scales. (AC +3) [demonic ancestry]
  2599 | D:4      | Reached XP level 6. HP: 33/48 MP: 6/6
  2600 | D:4      | Reached skill level 5 in Axes
  2835 | D:4      | Found a radiant altar of Vehumet.
  2981 | D:5      | Entered Level 5 of the Dungeon
  3037 | D:5      | Gained mutation: A weak demonic guardian rushes to your aid. [demonic ancestry]
  3037 | D:5      | Reached XP level 7. HP: 21/53 MP: 7/7
  3061 | D:5      | Found Ceudwape's Magic Scroll Boutique.
  3064 | D:5      | Bought a scroll of teleportation for 36 gold pieces
  3220 | D:5      | Reached skill level 6 in Axes
  3230 | D:5      | Found a staircase to the Ecumenical Temple.
  3354 | Temple   | Entered the Ecumenical Temple
  3363 | Temple   | Became a worshipper of Makhleb the Destroyer
  3664 | D:5      | Found Rastroxt's Weapon Shop.
  4015 | D:6      | Reached skill level 7 in Axes
  4143 | D:6      | Gained mutation: Your flesh is cold resistant. (rC+) [demonic ancestry]
  4143 | D:6      | Reached XP level 8. HP: 38/61 MP: 8/8
  4375 | D:6      | Reached * piety under Makhleb
  4511 | D:6      | Reached skill level 8 in Axes
  5281 | D:7      | Reached skill level 5 in Fighting
  5285 | D:7      | Reached ** piety under Makhleb
  5285 | D:7      | Reached skill level 9 in Axes
  5296 | D:7      | Reached skill level 5 in Armour
  5550 | D:7      | Found Zemosegh's Magic Scroll Shop.
  5559 | D:7      | Bought a scroll of teleportation for 39 gold pieces
  5559 | D:7      | Bought a scroll of identify for 26 gold pieces
  5559 | D:7      | Bought a scroll of identify for 26 gold pieces
  5559 | D:7      | Bought a scroll of identify for 26 gold pieces
  5559 | D:7      | Bought a scroll of identify for 26 gold pieces
  5756 | D:7      | Gained mutation: You are immune to freezing clouds. [demonic ancestry]
  5756 | D:7      | Reached XP level 9. HP: 50/68 MP: 5/9
  6197 | D:7      | Reached skill level 10 in Axes
  6553 | D:8      | Noticed a two-headed ogre
  6666 | D:8      | Killed a two-headed ogre
  6666 | D:8      | Reached skill level 11 in Axes
  6666 | D:8      | Reached XP level 10. HP: 76/76 MP: 10/10
  6684 | D:8      | Found a runed door.
  6684 | D:8      | Noticed a necromancer
  6686 | D:8      | Noticed a wolf spider
  6686 | D:8      | Noticed a yaktaur captain
  6686 | D:8      | Noticed a cyclops
  6686 | D:8      | Noticed a centaur warrior
  6709 | D:8      | Reached skill level 1 in Evocations
  6710 | D:8      | Found a large runed door.
  6710 | D:8      | Found a large runed door.
  6786 | D:8      | HP: 3/76 [orc priest/nerve-wracking pain (12)]
  7200 | D:8      | Found a large runed door.
  7200 | D:8      | Found a large runed door.
  7237 | D:8      | Reached *** piety under Makhleb
  7555 | D:8      | Noticed a centaur warrior
  7565 | D:8      | Killed a centaur warrior
  7572 | D:8      | Got a bloodstained war axe
  7575 | D:8      | Identified the cursed +1 war axe of Ytenegg {venom, Dex+4} (You found it on level 8 of the Dungeon)
  7878 | D:9      | Found a staircase to the Lair.
  7895 | D:9      | Reached skill level 12 in Axes
  7913 | D:9      | Found a staircase to the Orcish Mines.
  7980 | D:9      | Noticed Erica
  7989 | D:9      | Killed Erica
  8063 | D:9      | Noticed a two-headed ogre
  8078 | D:9      | Killed a two-headed ogre
  8464 | D:10     | Entered Level 10 of the Dungeon
  8470 | D:10     | Reached XP level 11. HP: 84/84 MP: 10/12
  8772 | D:10     | Reached **** piety under Makhleb
  9084 | D:10     | Reached skill level 13 in Axes
  9293 | D:10     | Killed an unseen horror
  9671 | D:11     | Noticed a red ugly thing
  9673 | D:11     | Noticed a two-headed ogre
  9683 | D:11     | Killed a red ugly thing
  9689 | D:11     | Killed a two-headed ogre
  9724 | D:11     | Noticed a five-headed hydra
  9826 | D:11     | Reached skill level 1 in Invocations
  9954 | Lair:1   | Entered Level 1 of the Lair of Beasts
 10267 | Lair:1   | Found a frozen archway.
 10288 | IceCv    | Entered an ice cave
 10299 | IceCv    | Reached skill level 14 in Axes
 10345 | IceCv    | HP: 1/86 [polar bear (9)]
 10345 | IceCv    | Slain by a polar bear

Skill      XL: |  1  2  3  4  5  6  7  8  9 10 11 |
---------------+----------------------------------+-----
Axes           | 2 3 4 5 7 9 11 12 14 | 14.1
Armour         | 3 4 5 6 7 |  7.7
Fighting       | 4 5 6 7 8 |  8.2
Evocations     | 2 |  2.4
Invocations    | 3 |  3.0
Shields        | |  2.6

Action                   |  1- 3 |  4- 6 |  7- 9 | 10-12 || total
-------------------------+-------+-------+-------+-------++-------
Melee: War axe           |    88 |   199 |   385 |   449 ||  1121
Evoke: Wand              |       |       |     9 |    13 ||    22
  Use: Potion            |     1 |     1 |     2 |     5 ||     9
       Scroll            |       |     1 |    22 |     4 ||    27
 Stab: Distracted        |       |       |     6 |    11 ||    17
       Paralysed         |       |       |    15 |    23 ||    38
  Eat: Chunk             |       |     7 |     9 |    13 ||    29
       Ration            |       |       |     1 |     1 ||     2
Armor: Scale mail        |    37 |   106 |   248 |   177 ||   568
       Plate armour      |       |       |       |   155 ||   155
Dodge: Dodged            |    44 |   117 |   199 |   176 ||   536
